 Dungeon Crawl Stone Soup version 0.20-a0-433-g9e36e56 (webtiles) character file.

239974 AlphabetPasta the Unseen (level 18, -5/92 HPs)
             Began as a Spriggan Gladiator on Jan 1, 2017.
             Was the Champion of Zin.
             Slain by a rakshasa (illusionary)
             ... wielding a +4 whip
              (14 damage)
             ... on level 1 of the Vaults on Jan 3, 2017.
             The game lasted 08:05:45 (57505 turns).

AlphabetPasta the Unseen (Spriggan Gladiator)      Turns: 57505, Time: 08:05:46

Health: -5/92      AC:  7    Str:  8    XL:     18   Next: 60%
Magic:  46/46      EV: 36    Int: 17    God:    Zin [******]
Gold:   1697       SH: 12    Dex: 26    Spells: 28/46 levels left

rFire  + + .     SeeInvis +     e - +4 scimitar (flame)
rCold  . . .     Gourm    .     L - +0 robe "Binirgh" {Regen+ Str-2 Int+4 SInv}
rNeg   . . .     Faith    .     Q - +3 buckler {AC+3}
rPois  +         Spirit   .     r - +0 hat
rElec  .         Reflect  .     N - +1 cloak {MR+}
rCorr  .         Harm     .     (gloves unavailable)
MR     ++++.                    (boots unavailable)
Stlth  ++++++++..               (no amulet)
                                O - +4 ring of dexterity
                                K - ring "Urubov" {+Inv rPois rF++ MP+9}

@: short of breath, very slightly contaminated, studying Spellcasting,
invisible, very quick
A: unfitting armour, see invisible, herbivore 3, speed 3, slow metabolism 2
}: 2/15 runes: decaying, gossamer
a: Recite, Vitalisation, Imprison, Sanctuary, Donate Gold, Cure All Mutations,
Renounce Religion


You were on level 1 of the Vaults.
You worshipped Zin.
Zin was exalted by your worship.
You were not hungry.

You visited 7 branches of the dungeon, and saw 33 of its levels.

You collected 3611 gold pieces.
You spent 1638 gold pieces at shops.
You donated 276 gold pieces to Zin.

Inventory:

Hand Weapons
 a - a +2 dagger of flaming
 b - a +0 hunting sling of freezing
 c - a +1 rapier of speed
 d - a +3 blowgun
 e - a +4 scimitar of flaming (weapon)
Missiles
 l - 94 poisoned needles
 p - 1039 stones
 t - 12 throwing nets (quivered)
 w - 146 sling bullets
 S - 4 curare-tipped needles
Armour
 r - a +0 hat (worn)
 L - the +0 robe "Binirgh" (worn) {Regen+ Str-2 Int+4 SInv}
   (You found it on level 13 of the Dungeon)

   It affects your strength (-2).
   It affects your intelligence (+4).
   It lets you see invisible.
   It increases your rate of regeneration.
 N - a +1 cloak of magic resistance (worn)
 Q - a +3 buckler of protection (worn)
Jewellery
 y - an uncursed ring of protection from magic
 F - an uncursed ring of protection from fire
 K - the ring "Urubov" (left hand) {+Inv rPois rF++ MP+9}
   (You bought it in a shop on level 1 of the Orcish Mines)

   [ring of magical power]

   It greatly protects you from fire.
   It protects you from poison.
   It affects your magic capacity (+9).
   It lets you turn invisible.
 O - a +4 ring of dexterity (right hand)
 T - an uncursed ring of protection from cold
 U - an uncursed ring of positive energy
Wands
 j - a wand of acid (6/15)
 n - a wand of flame (21/48)
 u - a wand of disintegration (13/24)
 v - a wand of digging (14/24)
 z - a wand of iceblast (7/15)
 X - a wand of iceblast (9/15)
 Z - a wand of paralysis (11/24)
Scrolls
 h - 2 scrolls of magic mapping
 k - 8 scrolls of remove curse
 A - 5 scrolls of fog
 C - 5 scrolls of fear
 D - 2 scrolls of silence
 E - 5 scrolls of enchant weapon
 G - 7 scrolls of identify
 I - 3 scrolls of blinking
 M - 7 scrolls of teleportation
 P - 10 scrolls of recharging
 Y - a scroll of holy word
Potions
 m - 4 potions of flight
 q - 5 potions of brilliance
 s - 2 potions of curing
 x - a potion of invisibility
 B - 3 potions of magic
 H - 4 potions of ambrosia
 J - a potion of cancellation
 R - a potion of haste
 W - 2 potions of might
Books
 i - a manual of Spellcasting
Miscellaneous
 V - a lamp of fire
Comestibles
 f - 21 bread rations
 o - 2 fruits


   Skills:
 + Level 9.1 Fighting
 + Level 15.1 Short Blades
 + Level 13.6(13.7) Slings
 - Level 2.1(7.9) Throwing
 + Level 16.3 Dodging
 + Level 19.1 Stealth
 - Level 7.2 Shields
 + Level 14.9 Spellcasting
 * Level 13.9 Hexes
 - Level 2.6 Charms
 - Level 2.0 Translocations
 + Level 11.6 Invocations
 - Level 6.0 Evocations


You had 28 spell levels left.
You knew the following spells:

 Your Spells              Type           Power        Failure   Level  Hunger
a - Slow                  Hex            ######..     1%          2    None
b - Ensorcelled Hibernat  Hex/Ice        #####.       1%          2    None
c - Confuse               Hex            ######..     1%          3    None
d - Tukima's Dance        Hex            ######..     1%          3    None
e - Dazzling Spray        Conj/Hex       #####.       1%          3    None
f - Infusion              Chrm           ###.         1%          1    None
g - Shroud of Golubria    Chrm/Tloc      ###.......   2%          2    None
h - Song of Slaying       Chrm           ###.....     2%          2    None


Dungeon Overview and Level Annotations

Branches:
Dungeon (15/15)            Temple (1/1) D:5            Lair (6/6) D:9
  Swamp (4/4) Lair:2       Spider (4/4) Lair:4        Slime (0/5) Lair:6
    Orc (2/2) D:12            Elf (0/3) Orc:2        Vaults (1/5) D:13
 Depths (0/5) D:15

Altars:
Ashenzari
Cheibriados
Dithmenos
Elyvilon
Fedhas
Gozag
Hepliaklqana
Kikubaaqudgha
Makhleb
Nemelex Xobeh
Okawaru
Qazlal
Ru
Sif Muna
Trog
Uskayaw
Vehumet
Xom
Yredelemnul
Zin
The Shining One
Beogh

Shops:
D:5 %   D:8 !   D:12 **:   D:15 :   Orc:1 *[=!   Orc:2 ([:*

Annotations:
D:3 Guenter's ghost, amateur DsMo
D:8 AppleBrandy's ghost, novice TrBe
Lair:5 exclusion: 2 oklob plants
Swamp:1 !tentacled monstosity


Innate Abilities, Weirdness & Mutations

You are very small and have problems with some larger weapons.
You are too small for most types of armour.
You have supernaturally acute eyesight. (SInv)
You are a herbivore.
You cover ground extremely quickly.
You need consume almost no food.


Message History

The cyclops is confused by your recitation.
You block the rakshasa's attack. x2
The rakshasa hits you with an enchanted whip!
* * * LOW HITPOINT WARNING * * *
The cyclops screams, "I'll kill you anyway!"
The cyclops completely misses you.
You riposte.
You strike the helpless cyclops from behind!
You slash the cyclops! You burn the cyclops.
The cyclops is heavily wounded.
You feel better. "...of chaos, Zin taketh."
You finish reciting Apostates 5:9.
The rakshasa closely misses you.
You riposte.
You slash the rakshasa! You burn the rakshasa.
The rakshasa is almost dead.
The rakshasa completely misses you.
The rakshasa hits you with an enchanted whip!
* * * LOW HITPOINT WARNING * * *
The rakshasa hits you with an enchanted whip!
You die...

#........# #...#...#
###########'########'#####
#.........................
#.........)...............
#......############.......
+.....[)C.........#.......
#......#..R.).....#.......
#......#.CR.......#.......
#......#.@R.......#.......
#......#).........#.......
#......#..))..>...#
#......#.)........#
#......#..........#
######)##### #####)#####
#...))))..# #.#.###(#.#


You could see 3 rakshasas and 2 cyclopes.

Vanquished Creatures
  A thorn hunter (Swamp:4)
  Kirke (Spider:1)
  A storm dragon (D:11)
  An orc warlord (Orc:2)
  3 vault wardens (Vaults:1)
  A deep elf sorcerer (Vaults:1)
  5 ghost moths
  6 emperor scorpions (Spider:4)
  3 ironheart preservers (Vaults:1)
  A stone giant (Orc:1)
  2 entropy weavers
  2 deep elf demonologists (Vaults:1)
  Nessos (Orc:2)
  Azrael (D:13)
  A spark wasp (Spider:4)
  A dire elephant (D:15)
  An ettin (Orc:1)
  A yaktaur captain (Vaults:1)
  Harold (Lair:2)
  2 fire dragons
  25 hydras
  2 rakshasas (D:14)
  A ghost crab (Swamp:4)
  7 centaur warriors
  4 death knights
  3 ogre magi
  13 alligators
  A queen ant (D:10)
  20 two-headed ogres
  2 orc high priests
  A deep elf knight (Vaults:1)
  Sonja (Lair:2)
  An unseen horror (D:12)
  3 skeletal warriors
  A spriggan druid (Swamp:4)
  A wizard (D:13)
  9 swamp dragons
  7 orc knights
  5 phantasmal warriors
  A deep elf archer (Vaults:1)
  A wolf spider zombie (D:14)
  A human zombie (Vaults:1)
  An ironbrand convoker (Vaults:1)
  3 lindwurms
  A shambling mangrove (Swamp:4)
  14 orb spiders
  A cyclops (shapeshifter) (D:14)
  2 orc sorcerers (Orc:2)
  28 wolf spiders
  A necromancer (D:13)
  3 moths of wrath
  12 ugly things
  2 cyclopes
  2 manticores
  Maurice (D:11)
  9 black mambas
  A centaur zombie (D:11)
  2 vault sentinels (Vaults:1)
  5 elephants (Lair:6)
  3 molten gargoyles (Lair:6)
  A gargoyle (D:13)
  23 spiny frogs
  A torpor snail (Spider:1)
  2 kobold demonologists
  3 yaktaurs (Vaults:1)
  A rime drake (Lair:5)
  11 demonic crawlers
  4 freezing wraiths
  9 komodo dragons
  6 trolls
  A merfolk (D:11)
  5 tyrant leeches
  3 meliai (Spider:4)
  33 jumping spiders
  A polar bear (Lair:6)
  Prince Ribbit (D:5)
  23 blink frogs
  6 hornets
  2 bog bodies (Swamp:1)
  33 slime creatures
  11 hippogriffs
  74 redbacks
  A water elemental (D:11)
  A spriggan (Swamp:3)
  5 shadows
  39 tarantellas
  5 wraiths
  8 hogs
  An elf zombie (Vaults:1)
  16 wyverns
  A steam dragon (Lair:6)
  36 yaks
  2 fire elementals (D:13)
  4 basilisks
  16 vampire mosquitoes
  An ogre zombie (Vaults:1)
  5 wargs
  An acid dragon (D:14)
  6 hell hounds
  13 insubstantial wisps (Swamp:3)
  9 soldier ants
  25 swamp worms
  12 porcupines
  12 water moccasins
  3 necrophages (D:7)
  41 orc warriors
  10 swamp drakes
  4 ice beasts
  8 sky beasts
  14 black bears
  An eye of draining (Lair:6)
  24 ogres
  An eye of draining (shapeshifter) (D:15)
  2 phantoms
  15 centaurs
  20 wolves
  13 crocodiles
  5 big kobolds
  24 bullfrogs
  5 gnoll sergeants (D:11)
  A yaktaur skeleton (Vaults:1)
  2 wyvern zombies
  A wyvern skeleton (D:11)
  4 scorpions
  13 killer bees
  13 wights
  3 howler monkeys
  6 electric eels
  3 lava snakes (Lair:6)
  4 crimson imps
  2 bullfrog zombies
  5 jellies
  A quasit (D:11)
  24 orc priests
  6 hounds
  Terence (D:3)
  3 bullfrog skeletons
  2 centaur skeletons
  3 gnoll shamans
  2 iguanas (D:12)
  24 orc wizards
  A worker ant (shapeshifter) (D:14)
  45 worker ants
  A hound skeleton (D:9)
  5 gnolls
  7 adders
  4 shadow imps
  5 oozes
  An adder zombie (D:6)
  An adder skeleton (D:4)
  5 worms
  3 dart slugs
  5 leopard geckos
  80 orcs
  16 bats
  6 giant cockroaches
  15 goblins
  8 hobgoblins
  7 jackals
  14 quokkas
  A ball python (D:5)
  7 frilled lizards
  A jackal zombie (D:6)
  27 kobolds
  A leopard gecko skeleton (D:7)
  A quokka skeleton (D:5)
  A quokka zombie (D:7)
  8 rats
  A butterfly (Lair:4)
  2 fungi
  2 pillars of salt (D:14)
  A plant (D:11)
1305 creatures vanquished.

Vanquished Creatures (others)
  Nikola (Spider:3)
  A lindwurm (Swamp:4)
  A yak (Lair:1)
  An ogre (D:9)
  13 fungi
  5 pillars of salt
  84 plants
106 creatures vanquished.

Grand Total: 1411 creatures vanquished

Notes
Turn   | Place    | Note
-------+----------+-------------------------------------------
     0 | D:1      | AlphabetPasta the Spriggan Gladiator began the quest for the Orb.
     0 | D:1      | Reached XP level 1. HP: 10/10 MP: 2/2
   284 | D:1      | Reached XP level 2. HP: 10/15 MP: 3/3
   659 | D:1      | Reached skill level 1 in Stealth
   953 | D:1      | Reached XP level 3. HP: 10/18 MP: 4/4
  1242 | D:2      | Reached skill level 2 in Stealth
  1302 | D:2      | Found a hazy altar of Hepliaklqana.
  1900 | D:2      | Reached skill level 1 in Slings
  2088 | D:2      | Reached XP level 4. HP: 22/23 MP: 5/5
  2380 | D:2      | Reached skill level 3 in Stealth
  2496 | D:2      | Upgraded the game from 0.20-a0-429-g054b1fe to 0.20-a0-432-g25cc1b4
  2994 | D:3      | Reached skill level 5 in Dodging
  2994 | D:3      | Reached skill level 4 in Stealth
  2994 | D:3      | Reached XP level 5. HP: 16/27 MP: 6/6
  3160 | D:3      | Noticed Terence
  3219 | D:3      | Killed Terence
  3456 | D:3      | Noticed Guenter's ghost (amateur DsMo)
  4509 | D:4      | Noticed an ogre
  4536 | D:4      | Killed an ogre
  4536 | D:4      | Reached XP level 6. HP: 32/32 MP: 7/7
  4701 | D:4      | Reached skill level 5 in Short Blades
  4701 | D:4      | Reached skill level 5 in Stealth
  5083 | D:4      | Found a shimmering altar of Xom.
  5273 | D:5      | Entered Level 5 of the Dungeon
  5355 | D:5      | Noticed a sky beast
  5357 | D:5      | Killed a sky beast
  5357 | D:5      | Reached skill level 1 in Evocations
  5453 | D:5      | Reached XP level 7. HP: 35/35 MP: 8/8
  5513 | D:5      | Reached skill level 6 in Stealth
  5557 | D:5      | Found Lygiv's Food Emporium.
  5603 | D:5      | Found a bloodstained altar of Trog.
  5988 | D:5      | Noticed Prince Ribbit
  6015 | D:5      | Killed Prince Ribbit
  6015 | D:5      | Reached skill level 7 in Stealth
  6015 | D:5      | Reached XP level 8. HP: 21/40 MP: 10/10
  6355 | D:5      | Found a staircase to the Ecumenical Temple.
  6359 | Temple   | Entered the Ecumenical Temple
  6458 | Temple   | Became a worshipper of Zin the Law-Giver
  6458 | Temple   | Reached * piety under Zin
  6705 | D:6      | Reached ** piety under Zin
  7046 | D:6      | Reached skill level 8 in Stealth
  7363 | D:6      | HP: 1/42 [orc wizard/short sword (6)]
  7984 | D:6      | Reached skill level 1 in Invocations
  8231 | D:7      | Reached skill level 9 in Stealth
  8267 | D:7      | Found a bloodstained altar of Trog.
  8423 | D:7      | Reached *** piety under Zin
  8488 | D:7      | Noticed a hippogriff
  8495 | D:7      | Killed a hippogriff
  8495 | D:7      | Reached XP level 9. HP: 45/45 MP: 12/12
  9109 | D:7      | Reached skill level 10 in Stealth
  9340 | D:7      | Reached skill level 5 in Slings
 10323 | D:8      | Found Illug's Distillery.
 10330 | D:8      | Bought a potion of cancellation for 104 gold pieces
 10330 | D:8      | Bought a potion of curing for 39 gold pieces
 10330 | D:8      | Bought a potion of resistance for 130 gold pieces
 10330 | D:8      | Bought a potion of berserk rage for 65 gold pieces
 10455 | D:8      | Noticed AppleBrandy's ghost (novice TrBe)
 10602 | D:8      | Reached **** piety under Zin
 11035 | D:8      | Found a stormy altar of Qazlal.
 11035 | D:8      | Found a bloodstained altar of Trog.
 11041 | D:8      | Found a basalt altar of Yredelemnul.
 11043 | D:8      | Found a faded altar of an unknown god.
 11044 | D:8      | Found a faded altar of an unknown god.
 11208 | D:9      | Reached skill level 11 in Stealth
 11393 | D:9      | Reached XP level 10. HP: 42/51 MP: 13/13
 11548 | D:9      | Noticed a two-headed ogre
 11593 | D:9      | Killed a two-headed ogre
 11698 | D:9      | Found a staircase to the Lair.
 12122 | D:9      | Noticed a two-headed ogre
 12192 | D:9      | Killed a two-headed ogre
 12192 | D:9      | Reached skill level 5 in Fighting
 12245 | D:9      | Noticed a two-headed ogre
 12249 | D:9      | Killed a two-headed ogre
 12249 | D:9      | Reached skill level 12 in Stealth
 12392 | D:9      | Reached ***** piety under Zin
 12674 | D:10     | Entered Level 10 of the Dungeon
 13180 | D:10     | Found a snail-covered altar of Cheibriados.
 13343 | D:10     | Reached skill level 5 in Invocations
 13650 | D:10     | Noticed a queen ant
 13663 | D:10     | Reached XP level 11. HP: 56/56 MP: 15/15
 13684 | D:10     | Killed a queen ant
 13684 | D:10     | Reached skill level 10 in Short Blades
 14160 | D:11     | Reached skill level 13 in Stealth
 14290 | D:11     | Noticed a white ugly thing
 14291 | D:11     | Reached skill level 10 in Dodging
 14317 | D:11     | Killed a white ugly thing
 14334 | D:11     | Found a radiant altar of Vehumet.
 14817 | D:11     | Zin protects you from harm!
 15223 | D:11     | Noticed a four-headed hydra
 15265 | D:11     | Killed a four-headed hydra
 15623 | D:11     | Noticed Maurice
 15652 | D:11     | Killed Maurice
 15897 | D:11     | Reached skill level 14 in Stealth
 16451 | D:11     | Noticed a purple ugly thing
 16757 | D:11     | Noticed a two-headed ogre
 16801 | D:11     | Killed a two-headed ogre
 16801 | D:11     | Reached XP level 12. HP: 21/61 MP: 18/18
 17329 | D:11     | Noticed a two-headed ogre
 17406 | D:11     | Killed a two-headed ogre
 17700 | D:11     | Noticed a two-headed ogre
 17734 | D:11     | Killed a two-headed ogre
 17907 | D:11     | Noticed a sphinx
 18134 | D:11     | Reached ****** piety under Zin
 18361 | Lair:1   | Entered Level 1 of the Lair of Beasts
 18666 | Lair:1   | Reached skill level 15 in Stealth
 19201 | Lair:1   | Identified a scroll of acquirement
 19374 | Lair:2   | Noticed Harold
 19377 | Lair:2   | Killed Harold
 19377 | Lair:2   | Reached skill level 1 in Spellcasting
 19644 | Lair:2   | Reached skill level 1 in Shields
 20275 | Lair:2   | Found a staircase to the Swamp.
 21750 | Lair:1   | Reached XP level 13. HP: 48/66 MP: 19/19
 22230 | Lair:2   | Noticed Sonja
 22241 | Lair:2   | Killed Sonja
 23165 | Lair:3   | Learned a level 2 spell: Slow
 23978 | Lair:4   | Found a hole to the Spider Nest.
 24051 | Lair:3   | Reached skill level 1 in Hexes
 25080 | Lair:4   | Reached skill level 5 in Spellcasting
 25554 | Lair:4   | Identified Qilakh's Volume of Excruciating Self-Knowledge
 27136 | Lair:6   | Entered Level 6 of the Lair of Beasts
 27976 | Lair:6   | Reached skill level 10 in Slings
 29268 | Lair:6   | Found a staircase to the Slime Pits.
 30134 | Lair:6   | Reached XP level 14. HP: 72/72 MP: 25/25
 30469 | Lair:6   | Found a large runed door.
 30469 | Lair:6   | Found a large runed door.
 30727 | Lair:6   | Reached skill level 16 in Stealth
 32496 | D:11     | Noticed a storm dragon
 32537 | D:11     | Killed a storm dragon
 32564 | D:11     | Learned a level 3 spell: Confuse
 32864 | D:12     | Found Roogidwa's Book Emporium.
 32867 | D:12     | Found Fogismef's General Store.
 32936 | D:12     | Bought a potion of curing for 36 gold pieces
 32936 | D:12     | Bought a potion of invisibility for 96 gold pieces
 32936 | D:12     | Bought a scroll of noise for 12 gold pieces
 33057 | D:12     | Reached skill level 5 in Shields
 33536 | D:12     | Found Soery's Assorted Antiques.
 33634 | D:12     | Bought a potion of haste for 290 gold pieces
 34087 | D:12     | Learned a level 2 spell: Ensorcelled Hibernation
 34091 | D:12     | Learned a level 3 spell: Tukima's Dance
 34095 | D:12     | Learned a level 3 spell: Dazzling Spray
 34171 | D:12     | Found a roughly hewn altar of Beogh.
 34171 | D:12     | Found a staircase to the Orcish Mines.
 34844 | Orc:1    | Entered Level 1 of the Orcish Mines
 34860 | Orc:1    | Reached skill level 5 in Hexes
 34956 | Orc:1    | Found Vaenud's Distillery.
 34969 | Orc:1    | Bought a potion of degeneration for 17 gold pieces
 34969 | Orc:1    | Bought a potion of invisibility for 136 gold pieces
 34969 | Orc:1    | Bought a potion of heal wounds for 85 gold pieces
 34969 | Orc:1    | Bought a potion of curing for 51 gold pieces
 35433 | Orc:2    | Entered Level 2 of the Orcish Mines
 35455 | Orc:1    | Found Tiuthrila's Jewellery Emporium.
 35519 | Orc:1    | Bought a cursed amulet of inaccuracy for 20 gold pieces
 35519 | Orc:1    | Bought the ring "Urubov" {+Inv rPois rF++ MP+9} for 557 gold pieces
 35580 | Orc:1    | Found Haoh's Antique Armour Emporium.
 35588 | Orc:1    | Found Essetari's Assorted Antiques.
 35889 | Orc:1    | Noticed a stone giant
 35979 | Orc:1    | Killed a stone giant
 37228 | Orc:2    | Noticed Nessos
 37235 | Orc:2    | Killed Nessos
 37480 | Orc:2    | Noticed an orc warlord
 37596 | Orc:2    | Found a roughly hewn altar of Beogh.
 38959 | Orc:2    | Killed an orc warlord
 39018 | Orc:2    | Reached XP level 15. HP: 65/77 MP: 29/29
 39088 | Orc:2    | Found Zoxan's Antique Armour Boutique.
 39125 | Orc:2    | Found Vaj Jomm's General Store.
 39179 | Orc:2    | Found Boen's Book Boutique.
 39299 | Orc:2    | Found Sekh's Antique Weapon Boutique.
 39378 | Orc:2    | Found a staircase to the Elven Halls.
 39764 | D:13     | Found a blossoming altar of Fedhas.
 39990 | D:13     | Found a gate to the Vaults.
 40744 | D:13     | Got an ichor-stained robe
 40755 | D:13     | Identified the +0 robe "Binirgh" {Regen+ Str-2 Int+4 SInv} (You found it on level 13 of the Dungeon)
 40773 | D:13     | Noticed Azrael
 40891 | D:13     | Killed Azrael
 41098 | D:13     | Reached skill level 10 in Spellcasting
 41370 | D:13     | Learned a level 1 spell: Infusion
 41373 | D:13     | Learned a level 2 spell: Shroud of Golubria
 41376 | D:13     | Learned a level 2 spell: Song of Slaying
 41905 | D:14     | Found a stormy altar of Qazlal.
 41963 | D:14     | Reached skill level 17 in Stealth
 42158 | D:14     | Reached skill level 5 in Evocations
 42508 | D:14     | Upgraded the game from 0.20-a0-432-g25cc1b4 to 0.20-a0-433-g9e36e56
 43267 | D:15     | Entered Level 15 of the Dungeon
 43301 | D:15     | Found a glowing golden altar of the Shining One.
 43325 | D:15     | Found Ebikaf's Book Emporium.
 43737 | D:15     | Found a staircase to the Depths.
 44857 | D:15     | Reached skill level 10 in Invocations
 44991 | D:15     | Reached XP level 16. HP: 81/81 MP: 31/31
 45065 | D:15     | Found a sacrificial altar of Ru.
 45377 | Swamp:1  | Entered Level 1 of the Swamp
 45730 | Swamp:1  | Found a sparkling altar of Nemelex Xobeh.
 46065 | Swamp:1  | Noticed a tentacled monstrosity
 46070 | Swamp:1  | Reached skill level 1 in Charms
 46280 | Swamp:1  | Reached skill level 10 in Hexes
 48090 | Swamp:4  | Entered Level 4 of the Swamp
 48329 | Swamp:4  | Reached skill level 1 in Translocations
 48873 | Swamp:4  | Noticed a thorn hunter
 49607 | Swamp:4  | Killed a thorn hunter
 49747 | Swamp:3  | Reached skill level 18 in Stealth
 50747 | Swamp:4  | Reached XP level 17. HP: 85/85 MP: 34/34
 50928 | Swamp:4  | Got a decaying rune of Zot
 51186 | Spider:1 | Entered Level 1 of the Spider Nest
 51480 | Spider:1 | Reached skill level 15 in Dodging
 51701 | Spider:1 | Noticed Kirke
 51732 | Spider:1 | Killed Kirke
 54400 | Spider:3 | Noticed Nikola
 54411 | Spider:3 | Killed Nikola
 54411 | Spider:3 | HP: 3/86 [/chain lightning (19)]
 55049 | Spider:4 | Entered Level 4 of the Spider Nest
 55928 | Spider:4 | Reached XP level 18. HP: 80/91 MP: 37/37
 56158 | Spider:4 | Reached skill level 15 in Short Blades
 56230 | Spider:4 | Got a gossamer rune of Zot
 56686 | Vaults:1 | Entered Level 1 of the Vaults
 57047 | Vaults:1 | Reached skill level 19 in Stealth
 57143 | Vaults:1 | Noticed an Ice Fiend
 57505 | Vaults:1 | Slain by a rakshasa (illusionary)

Vault maps used:
D:1:      mrwooster_arrival_statue_3
D:2:      kennysheep_goblin_castle, marbit_many_paths, serial_glass,
          glass_columns_a, glass_columns_b, glass_columns_b, glass_columns_b
D:3:      uniq_terence
D:4:      lemuel_round_altar
D:5:      serial_shops, shop, basic_altar, first_bread, uniq_prince_ribbit1
D:7:      trog_three_pillars_becter
D:8:      chequers_temple_overflow_minitemple, serial_shops, shop
D:9:      dpeg_oklobed_lair, grunt_ogre_cave, wad_rectangle_vault
D:10:     basic_altar, zaba_antful_of_joy
D:11:     kennysheep_town, uniq_maurice
D:12:     david_orc_5, serial_shops, shop, shop_fountains, shop, spider_trap
D:13:     kennysheep_windowed_halls, david_vaults_1, basic_altar, uniq_azrael
D:14:     nicolae_qazlal_style_of_elements
D:15:     hangedman_depths_entry_try_elsewhere_first, serial_shops,
          nicolae_shop_statue_plus, nicolae_tso_carved_into_rock,
          nicolae_ru_path_of_blood
Temple:   regret_index_temple_sphere_string
Lair:2:   nicolae_swamp_entry_splash_gauntlet, serial_bayou_pond_b,
          grunt_megastairs_3, serial_bayou_shore_a, uniq_sonja, uniq_harold
Lair:3:   grunt_megastairs_1
Lair:4:   nicolae_spider_entry_non_spiders, grunt_megastairs_2,
          lemuel_fruit_fields
Lair:5:   grunt_megastairs_4, minmay_lair_oklob_chamber
Lair:6:   cheibrodos_lair_end_hotspot, nicolae_slime_entry_slimehenge
Swamp:1:  nicolae_swamp_godswood
Swamp:2:  hangedman_swamp_pad
Swamp:3:  serial_swamp_ruin, evilmike_swamp_ruin_house_4,
          hangedman_swamp_ruin_wall, infiniplex_staircase_pool_2
Swamp:4:  swamp_alternative
Spider:1: spider_trap, uniq_kirke
Spider:3: uniq_nikola
Spider:4: grunt_spider_rune_circles
Orc:1:    nicolae_orc_accident_1, serial_shops, nicolae_shop_stone, shop,
          shop_fountains, nicolae_shop_waterfront
Orc:2:    grunt_orc_cross, uniq_nessos
Vaults:1: ontoclasm_vaults_ring_large, nicolae_vaults_quartermaster,
          ontoclasm_vaults_eye, grunt_vaults_trifunnel, vaults_room_door_ring,
          v_misc_25, v_alt_pattern_2

Skill      XL: |  1  2  3  4  5  6  7  8  9 10 11 12 13 14 15 16 17 18 |
---------------+-------------------------------------------------------+-----
Stealth        | 1 2 4 5 7 9 11 12 14 15 16 17 18 19 | 19.1
Fighting       | 2 3 4 5 6 7 8 9 |  9.1
Short Blades   | 4 5 6 7 8 9 11 12 13 14 15 | 15.1
Slings         | 1 2 3 4 5 7 8 9 10 11 12 13 | 13.6
Dodging        | 5 6 7 8 9 10 11 12 13 14 15 16 | 16.3
Evocations     | 1 2 3 5 6 |  6.0
Invocations    | 1 3 5 7 8 9 10 11 | 11.6
Spellcasting   | 3 6 9 10 12 14 | 14.9
Shields        | 2 4 5 6 7 |  7.2
Hexes          | 3 6 9 11 13 | 13.9
Charms         | 2 |  2.6
Translocations | 2 |  2.0
Throwing       | |  2.1

Action                   |  1- 3 |  4- 6 |  7- 9 | 10-12 | 13-15 | 16-18 || total
-------------------------+-------+-------+-------+-------+-------+-------++-------
Melee: Rapier            |   132 |   162 |     9 |       |  2378 |   702 ||  3383
       Dagger            |       |    60 |   391 |  1061 |   280 |    29 ||  1821
       Scimitar          |       |       |       |       |   115 |   233 ||   348
 Fire: Hunting sling     |       |    18 |   149 |   336 |   600 |    76 ||  1179
       Blowgun           |       |    13 |    87 |   250 |   277 |    11 ||   638
Throw: Tomahawk          |       |       |     1 |     4 |       |       ||     5
       Stone             |       |       |       |       |     1 |       ||     1
       Throwing net      |       |       |       |       |     3 |       ||     3
 Cast: Slow              |       |       |       |       |    21 |       ||    21
       Ensorcelled Hiber |       |       |       |       |    62 |   382 ||   444
       Confuse           |       |       |       |       |    86 |   161 ||   247
       Dazzling Spray    |       |       |       |       |     6 |    37 ||    43
Invok: Recite            |       |       |     6 |     6 |    33 |     1 ||    46
       Vitalisation      |       |       |       |     1 |       |       ||     1
 Abil: Evoke Berserk Rag |       |       |     1 |       |       |       ||     1
       Evoke Invisibilit |       |       |       |       |     1 |     3 ||     4
Evoke: Wand              |       |       |       |    12 |    16 |     5 ||    33
       Lamp of fire      |       |       |       |       |       |     1 ||     1
  Use: Scroll            |     2 |    13 |     7 |    11 |    12 |    12 ||    57
       Potion            |       |     1 |     3 |    11 |    10 |    16 ||    41
 Stab: Sleeping          |     9 |    12 |    20 |    39 |   100 |   256 ||   436
       Distracted        |     2 |     1 |     1 |     4 |    17 |    19 ||    44
       Confused          |       |       |       |     1 |    53 |   121 ||   175
       Invisible         |       |       |       |     1 |    16 |    48 ||    65
       Paralysed         |       |       |       |       |     6 |       ||     6
       Held in net/web   |       |       |       |       |     2 |       ||     2
  Eat: Royal jelly       |       |     1 |       |       |     1 |     1 ||     3
       Fruit             |       |       |     5 |     3 |    12 |       ||    20
       Pizza             |       |       |     1 |       |     1 |     1 ||     3
       Bread ration      |       |       |       |     2 |     2 |     1 ||     5
Armor: Robe              |     6 |     8 |    17 |    25 |    47 |    33 ||   136
Dodge: Dodged            |   124 |   165 |   261 |   674 |   925 |   794 ||  2943
Block: Buckler           |       |       |       |    69 |   600 |   480 ||  1149
       Rpst.: Scimitar   |       |       |       |       |    18 |    50 ||    68
